 Dungeon Crawl Stone Soup version 0.22.1-1-ga44c0e5 (webtiles) character file.

121 Iscandelvey the Cutter (level 4, -2/35 HPs)
             Began as a Demigod Wanderer on Oct 5, 2018.
             Slain by Natasha (3 damage)
             ... on level 2 of the Dungeon.
             The game lasted 00:06:03 (2353 turns).

Iscandelvey the Cutter (Demigod Wanderer)           Turns: 2353, Time: 00:06:04

Health: -2/35      AC:  6    Str: 18    XL:     4   Next: 49%
Magic:  6/6        EV: 11    Int: 16    God:
Gold:   54         SH:  0    Dex: 14    Spells: 3/3 levels left

rFire    . . .     SeeInvis .   m - +2 dagger (holy)
rCold    . . .     Gourm    .   (no shield)
rNeg     . . .     Faith    .   l - +0 ring mail
rPois    .         Spirit   .   n - +0 helmet
rElec    .         Reflect  .   (no cloak)
rCorr    .         Harm     .   (no gloves)
MR       .....                  (no boots)
Stlth    ++........             (no amulet)
HPRegen  0.11/turn              (no ring)
MPRegen  0.10/turn              (no ring)

@: no status effects
A: high mp 1
a: no special abilities


You were on level 2 of the Dungeon.
You were not hungry.

You visited 1 branch of the dungeon, and saw 2 of its levels.

You collected 54 gold pieces.

Inventory:

Hand Weapons
 a - a +2 short sword
 d - a +0 dagger
 m - a +2 dagger of holy wrath (weapon)
 p - a +0 hunting sling
 r - a +0 club
Missiles
 e - 25 bolts
 q - 34 stones (quivered)
Armour
 c - a +0 robe
 k - a +0 leather armour
 l - a +0 ring mail (worn)
 n - a +0 helmet (worn)
Scrolls
 g - a scroll of teleportation {unknown}
 h - a scroll of identify
 i - a scroll of random uselessness {unknown}
 j - 2 scrolls of enchant armour
 o - 3 scrolls of remove curse {unknown}
Potions
 s - a potion of lignification {unknown}
Comestibles
 f - 4 rations
 t - 2 chunks of flesh


   Skills:
 + Level 1.1 Fighting
 + Level 4.6 Short Blades
 + Level 1.0 Armour
 + Level 1.0 Dodging
 + Level 3.4 Stealth
   Level 2.6 Translocations


You had 3 spell levels left.
You didn't know any spells.
Your spell library was empty.

Dungeon Overview and Level Annotations

Branches:
Dungeon (2/15)

Annotations:
D:2 Natasha


Innate Abilities, Weirdness & Mutations

You have an increased reservoir of magic. (+10% MP)


Message History

Natasha barely misses you.
You hit Natasha.
Natasha is heavily wounded.
Natasha closely misses you.
You hit Natasha.
Natasha is severely wounded.
You hit Natasha.
Natasha is almost dead.
Natasha claws you but does no damage.
You closely miss Natasha.
Natasha is almost dead.
Natasha claws you.
* * * LOW HITPOINT WARNING * * *
You barely miss Natasha.
Natasha is almost dead.
Natasha claws you but does no damage.
You barely miss Natasha.
Natasha is almost dead.
Natasha claws you.
You die...

.## #####.........# ##
#####.............#
#.....###.........#########
#.##### #.................#
##.# #.........#..####.#
#..# ##................#
#.## ##..#.###.###.#..#
####.# #..#.#.....#.#..#
..#..## #.@###.#.#.###h.#
......# #.(h5...........#
....#..# #..###.#.#.###..#
##.<...... #..#
..#.#...#..# ...#.##..#
....#.###.###.#..# .#####
...# ..........)......## .#
#####........######### .#
#.##... .# #. #.


You could see Natasha and a shadow imp.

Vanquished Creatures
  Natasha (D:2)
  Robin (D:2)
  2 gnolls (D:2)
  An adder (D:2)
  2 worms (D:2)
  A dart slug (D:1)
  A ball python (D:1)
  6 bats
  2 giant cockroaches (D:1)
  12 goblins
  8 hobgoblins
  3 frilled lizards (D:1)
  5 kobolds
  2 rats
47 creatures vanquished.

Notes
Turn   | Place    | Note
-------+----------+-------------------------------------------
     0 | D:1      | Iscandelvey the Demigod Wanderer began the quest for the
                  | Orb.
     0 | D:1      | Iscandelvey set off with: a +2 short sword, 2 potions of
                  | curing, a +0 robe, a +0 dagger, a ration
     0 | D:1      | Reached XP level 1. HP: 14/14 MP: 3/3
   226 | D:1      | Reached skill level 4 in Short Blades
   266 | D:1      | Reached XP level 2. HP: 20/20 MP: 4/4
  1151 | D:2      | Noticed Robin
  1161 | D:2      | Reached XP level 3. HP: 22/26 MP: 5/5
  1464 | D:2      | Killed Robin
  1944 | D:2      | Reached XP level 4. HP: 33/34 MP: 6/6
  2247 | D:2      | Noticed Natasha
  2276 | D:2      | Killed Natasha
  2276 | D:2      | Reached skill level 1 in Fighting
  2276 | D:2      | Reached skill level 1 in Armour
  2276 | D:2      | Reached skill level 1 in Dodging
  2320 | D:2      | Noticed Natasha
  2351 | D:2      | HP: 1/35 [Natasha (3)]
  2353 | D:2      | Slain by Natasha

Skill      XL: |  1  2  3  4 |
---------------+-------------+-----
Short Blades   | 4 |  4.6
Stealth        | 3 |  3.4
Fighting       | 1 |  1.1
Armour         | 1 |  1.0
Dodging        | 1 |  1.0
Translocations | |  2.6

Action                   |  1- 3 |  4- 6 || total
-------------------------+-------+-------++-------
Melee: Short sword       |   109 |       ||   109
       Dagger            |    35 |    58 ||    93
  Use: Potion            |       |     2 ||     2
       Scroll            |       |     1 ||     1
 Stab: Sleeping          |     5 |     2 ||     7
  Eat: Chunk             |     3 |     2 ||     5
Armor: Robe              |    21 |       ||    21
       Ring mail         |    27 |    16 ||    43
Dodge: Dodged            |    92 |    23 ||   115
